 Dungeon Crawl Stone Soup version 0.31-a0-981-geadf994542 (webtiles) character file.

Game seed: 11047897199387106662

107 Hooloovoo the Poker (level 4, -1/38 HPs)
             Began as a Gnoll Reaver on Nov 1, 2023.
             Was an Initiate of Trog.
             Slain by a phantom (6 damage)
             ... on level 4 of the Dungeon.
             The game lasted 00:38:14 (2781 turns).

Hooloovoo the Poker (Gnoll Reaver)                  Turns: 2781, Time: 00:38:15

Health: -1/38      AC:  6    Str: 14    XL:     4   Next: 85%
Magic:  11/11      EV: 11    Int: 12    God:    Trog [......]
Gold:   223        SH:  0    Dex: 10    Spells: 12/13 levels left

rFire   . . .        t - +4 whip
rCold   . . .        (no shield)
rNeg    . . .        k - +0 ring mail
rPois   .            (no helmet)
rElec   .            s - +0 cloak
rCorr   .            (no gloves)
SInv    .            (no boots)
Will    .....        (no amulet)
Stlth   +            p - ring of wizardry
HPRegen 0.26/turn    (no ring)
MPRegen 0.12/turn

%: wizardry (x1)
@: no status effects
A: fangs 1, strong nose, distributed training
a: Renounce Religion


You were on level 4 of the Dungeon.
You worshipped Trog.
Trog was noncommittal.
You visited 1 branch of the dungeon, and saw 4 of its levels.

You collected 223 gold pieces.

Inventory:

Hand Weapons
 a - a +0 spear
 d - a +5 dagger
 e - a +0 sling
 i - a +0 lajatang
 o - the +1 short sword "Zouz" {freeze, Fragile rF+ Str+3}
   (You found it on level 3 of the Dungeon)

   Str+3:     It affects your strength (+3).
   rF+:       It protects you from fire.
   Fragile:   It will be destroyed if unequipped.
 t - a +4 whip (weapon)
Armour
 b - a +0 leather armour
 c - a +0 leather armour {Stuff}
 k - a +0 ring mail (worn)
 s - a +0 cloak (worn)
Jewellery
 p - a ring of wizardry (left hand)
Scrolls
 g - a scroll of vulnerability {unknown}
 l - 2 scrolls of amnesia {unknown}
 m - 3 scrolls of identify {unknown}
 r - a scroll of teleportation {unknown}
Potions
 f - 2 potions of might {unknown}
 h - a potion of attraction {unknown}
 j - a potion of mutation {unknown}
 n - a potion of haste {unknown}
 q - a potion of cancellation {unknown}


   Skills:
 + Level 4.7 Fighting
 + Level 1.2 Short Blades
 + Level 1.2 Long Blades
 + Level 1.2 Axes
 + Level 1.2 Maces & Flails
 + Level 6.6 Polearms
 + Level 1.2 Staves
 + Level 1.2 Ranged Weapons
 + Level 1.2 Throwing
 + Level 1.2 Armour
 + Level 4.7 Dodging
 + Level 1.2 Stealth
 + Level 1.2 Shields
 + Level 1.2 Unarmed Combat
 + Level 5.1 Spellcasting
 + Level 5.5 Conjurations
 + Level 1.0 Hexes
 + Level 1.0 Summonings
 + Level 1.0 Necromancy
 + Level 1.0 Translocations
 + Level 1.0 Transmutations
 + Level 1.0 Fire Magic
 + Level 1.0 Ice Magic
 + Level 1.0 Air Magic
 + Level 1.0 Earth Magic
 + Level 1.0 Poison Magic
 + Level 1.4 Invocations
 + Level 1.2 Evocations
 + Level 1.1 Shapeshifting


You had 12 spell levels left.
You knew the following spells:

 Your Spells              Type           Power      Damage    Failure   Level
a - Kiss of Death         Conj/Necr      40%        2d8       4%          1

Your spell library contained the following spells:

 Spells                   Type           Power      Damage    Failure   Level
 Momentum Strike          Conj/Tloc      20%        3d8       6%          2
 Sting                    Tmut/Pois      20%        1d4       11%         1
 Hailstorm                Conj/Ice       10%        3d5       13%         3
 Stone Arrow              Conj/Erth      20%        3d8       13%         3
 Cigotuvi's Dreadful Rot  Necr/Pois/Air  10%        N/A       16%         2
 Poisonous Vapours        Pois/Air       10%        N/A       16%         2
 Ignite Poison            Fire/Tmut/Pois 5%         N/A       30%         3
 Tukima's Dance           Hex            5%         N/A       30%         3
 Volatile Blastmotes      Fire/Tloc      10%        2d10      30%         3
 Sticky Flame             Conj/Fire      10%        2d3       38%         4
 Animate Armour           Summ/Erth      10%        N/A       67%         4
 Olgreb's Toxic Radiance  Pois           5%         N/A       67%         4
 Passage of Golubria      Tloc           5%         N/A       67%         4
 Vhi's Electric Charge    Tloc/Air       10%        N/A       67%         4
 Freezing Cloud           Conj/Ice/Air   4%         6-21      82%         5
 Yara's Violent Unravell  Hex/Tmut       2%         3d3       94%         5
 Conjure Ball Lightning   Conj/Air       5%         3x3d6     99%         6
 Haunt                    Necr/Summ      2%         N/A       100%        7
 Borgnjor's Revivificati  Necr           2%         N/A       100%        8
 Lehudib's Crystal Spear  Conj/Erth      5%         10d3      100%        8
 Death's Door             Necr           2%         N/A       100%        9


Dungeon Overview and Level Annotations

Branches:
Dungeon (4/15)
 Temple: D:4-7

Altars:
Trog
Vehumet
The Shining One


Innate Abilities, Weirdness & Mutations

You have very sharp teeth.
Your uncanny sense of smell can sniff out nearby items.
Your experience applies equally to all skills.


Message History

The phantom hits you but does no damage.
You hit the phantom.
The phantom is moderately damaged.
The phantom hits you but does no damage. x2
You closely miss the phantom. The phantom closely misses you.
The phantom hits you.
The phantom blinks!
You blink.
You closely miss the phantom.
The phantom is moderately damaged.
The phantom barely misses you.
A quokka comes into view.
The phantom attacks as it pursues you! The phantom closely misses you.
You barely miss the phantom. You bite the phantom, but do no damage.
The phantom is moderately damaged.
The phantom barely misses you. x2
You hit the phantom. Your bite misses the phantom.
The phantom is heavily damaged.
The phantom hits you.
* * * LOW HITPOINT WARNING * * *
The phantom hits you.
* * * LOW HITPOINT WARNING * * *
You barely miss the phantom. Your bite misses the phantom.
The phantom is heavily damaged.
The phantom closely misses you. The phantom hits you.
* * * LOW HITPOINT WARNING * * *
You hit the phantom.
You punch the phantom, but do no damage.
The phantom is heavily damaged.
The phantom closely misses you.
The phantom hits you but does no damage.
You closely miss the phantom.
The phantom is heavily damaged.
The phantom hits you but does no damage. x2
The quokka bites you.
* * * LOW HITPOINT WARNING * * *
You hit the phantom.
The phantom is severely damaged.
The phantom barely misses you. The quokka bites you.
* * * LOW HITPOINT WARNING * * *
The phantom hits you.
You die...

####....# #....#
#.....# #....#
#.#...#
#....########.#.###
#....#.....##.#.#
#....#......).#.# #
#....#....†.###.# #
#(..r#.....####.#
###
#...@#.....#....#
#..
#...WW.....#.####
#.# #$.........#.#
#.# #....#.....#.#
#.# ##+###.....#.#
#.# #.....#.# #.#
.......#.# #.#
.........#.# ####.#
#+####...#.# #....#


You could see 2 phantoms and a quokka.

Vanquished Creatures
  2 adders (D:3)
  A worm (D:3)
  A dart slug (D:2)
  2 orcs (D:3)
  8 ball pythons
  9 endoplasms
  5 giant cockroaches
  9 goblins
  5 hobgoblins
  4 jackals
  2 quokkas
  2 bats
  7 frilled lizards
  6 kobolds
  10 rats
73 creatures vanquished.

Notes
Turn   | Place    | Note
-------+----------+-------------------------------------------
     0 | D:1      | Hooloovoo the Gnoll Reaver began the quest for the Orb.
     0 | D:1      | Reached XP level 1. HP: 20/20 MP: 6/6
   223 | D:1      | Reached XP level 2. HP: 14/23 MP: 7/7
   241 | D:1      | Got the Compendium of the Windy Bonfire
   603 | D:1      | Reached XP level 3. HP: 21/31 MP: 9/9
   604 | D:1      | Reached skill level 5 in Spellcasting
   963 | D:2      | Reached skill level 1 in Invocations
  1178 | D:2      | Reached skill level 1 in Short Blades
  1178 | D:2      | Reached skill level 1 in Long Blades
  1178 | D:2      | Reached skill level 1 in Axes
  1178 | D:2      | Reached skill level 1 in Maces & Flails
  1178 | D:2      | Reached skill level 1 in Staves
  1178 | D:2      | Reached skill level 1 in Ranged Weapons
  1178 | D:2      | Reached skill level 1 in Throwing
  1178 | D:2      | Reached skill level 1 in Armour
  1178 | D:2      | Reached skill level 1 in Stealth
  1178 | D:2      | Reached skill level 1 in Shields
  1178 | D:2      | Reached skill level 1 in Unarmed Combat
  1178 | D:2      | Reached skill level 1 in Evocations
  1366 | D:2      | Reached XP level 4. HP: 36/36 MP: 11/11
  1475 | D:2      | Reached skill level 1 in Shapeshifting
  1635 | D:3      | Identified the +1 short sword "Zouz" {freeze, Fragile rF+
                  | Str+3}
  1770 | D:3      | Reached skill level 1 in Hexes
  1770 | D:3      | Reached skill level 1 in Summonings
  1770 | D:3      | Reached skill level 1 in Necromancy
  1770 | D:3      | Reached skill level 1 in Translocations
  1770 | D:3      | Reached skill level 1 in Transmutations
  1770 | D:3      | Reached skill level 1 in Fire Magic
  1770 | D:3      | Reached skill level 1 in Ice Magic
  1770 | D:3      | Reached skill level 1 in Air Magic
  1770 | D:3      | Reached skill level 1 in Earth Magic
  1770 | D:3      | Reached skill level 1 in Poison Magic
  2175 | D:3      | Found a glowing golden altar of the Shining One.
  2185 | D:3      | Found a radiant altar of Vehumet.
  2335 | D:3      | Noticed a moth of wrath
  2338 | D:3      | Found a bloodstained altar of Trog.
  2381 | D:3      | Became a worshipper of Trog the Wrathful
  2763 | D:4      | Noticed a phantom
  2764 | D:4      | Noticed a phantom
  2781 | D:4      | Slain by a phantom

Illustrated notes

Levels and vault maps discovered:
D:1:      minmay_arrival_stair_chambers, layout_basic, minmay_pentomino_w4
D:2:      layout_loops_cross, serial_glass, glass_columns_c, glass_columns_a,
          glass_columns_a, glass_columns_a, glass_columns_a
D:3:      layout_loops_ring, tgw_trog, jmf_multi_god_temple
D:4:      layout_basic, dk_yredelemnul_ordeal, nicolae_ru_the_path_less_chosen,
          kennysheep_generic_room_8, uniq_pikel, uniq_sigmund

Skill      XL: |  1  2  3  4 |
---------------+-------------+-----
Spellcasting   | 5 |  5.1
Invocations    | 1 |  1.4
Short Blades   | 1 |  1.2
Long Blades    | 1 |  1.2
Axes           | 1 |  1.2
Maces & Flails | 1 |  1.2
Staves         | 1 |  1.2
Ranged Weapons | 1 |  1.2
Throwing       | 1 |  1.2
Armour         | 1 |  1.2
Stealth        | 1 |  1.2
Shields        | 1 |  1.2
Unarmed Combat | 1 |  1.2
Evocations     | 1 |  1.2
Shapeshifting  | 1 |  1.1
Hexes          | 1 |  1.0
Summonings     | 1 |  1.0
Necromancy     | 1 |  1.0
Translocations | 1 |  1.0
Transmutations | 1 |  1.0
Fire Magic     | 1 |  1.0
Ice Magic      | 1 |  1.0
Air Magic      | 1 |  1.0
Earth Magic    | 1 |  1.0
Poison Magic   | 1 |  1.0
Fighting       | |  4.7
Polearms       | |  6.6
Dodging        | |  4.7
Conjurations   | |  5.5

Action                     |  1- 3 |  4- 6 || total
---------------------------+-------+-------++-------
  Melee: Spear             |    13 |       ||    13
         Dagger            |    77 |       ||    77
         Bite              |     5 |     3 ||     8
         Lajatang          |    28 |    55 ||    83
         Punch             |     1 |     1 ||     2
         Whip              |       |    17 ||    17
   Cast: Kiss of Death     |     2 |       ||     2
 Armour: Leather armour    |    53 |       ||    53
         Ring mail         |     6 |    50 ||    56
  Dodge: Dodged            |    67 |    42 ||   109

Table legend: (Time is in decaauts)
 A = Elapsed time spent in this place.
 B = Non-inter-level travel time spent in this place.
 C = Inter-level travel time spent in this place.
 D = Time resting spent in this place.
 E = Time spent auto-exploring this place.
 F = Levels seen in this place.
 G = Mean time per level.
                   A        B        C        D        E       F      G
               +--------+--------+--------+--------+--------+-----+--------+
         Total |   2801 |    589 |   2212 |      0 |      0 |   4 |  700.2 |
       Dungeon |   2801 |    589 |   2212 |      0 |      0 |   4 |  700.2 |
               +--------+--------+--------+--------+--------+-----+--------+

Top non-repeatable levels by time:
     D:3: 1022 daAuts
     D:1: 921 daAuts
     D:2: 757 daAuts
     D:4: 100 daAuts
